 Dungeon Crawl Stone Soup version 0.21-a0-442-g848f44b (webtiles) character file.

930 nikopol the Magician (level 7, -2/37 HPs)
             Began as a Deep Elf Fire Elementalist on Nov 13, 2017.
             Was a Follower of Sif Muna.
             Slain by a crimson imp (4 damage)
             ... on level 4 of the Dungeon.
             The game lasted 00:26:06 (5458 turns).

nikopol the Magician (Deep Elf Fire Elementalist)   Turns: 5458, Time: 00:26:07

Health: -2/37      AC:  2    Str:  5    XL:     7   Next: 86%
Magic:  19/19      EV: 13    Int: 22    God:    Sif Muna [*.....]
Gold:   274        SH:  0    Dex: 15    Spells: 9/20 levels left

rFire    . . .     SeeInvis .   q - +0 short sword (drain)
rCold    . . .     Gourm    .   (no shield)
rNeg     . . .     Faith    .   a - +0 robe
rPois    .         Spirit   .   (no helmet)
rElec    .         Reflect  .   (no cloak)
rCorr    .         Harm     .   (no gloves)
MR       .....                  (no boots)
Stlth    +++.......             (no amulet)
HPRegen  0.12/turn              (no ring)
MPRegen  0.16/turn              (no ring)

@: no status effects
A: no striking features
a: Divine Energy, Renounce Religion


You were on level 4 of the Dungeon.
You worshipped Sif Muna.
Sif Muna was aware of your devotion.
You were near starving.

You visited 1 branch of the dungeon, and saw 5 of its levels.

You collected 274 gold pieces.

Inventory:

Hand Weapons
 e - a +0 dagger
 q - a +0 short sword of draining (weapon)
Armour
 a - a +0 robe (worn)
Jewellery
 s - an uncursed ring of wizardry {unknown}
 v - an uncursed ring of resist corrosion {unknown}
Wands
 z - a wand of digging (8/24)
Scrolls
 g - 3 scrolls of fog {unknown}
 i - 2 scrolls of recharging {unknown}
 j - 4 scrolls of remove curse {unknown}
 l - 5 scrolls of teleportation {unknown}
 o - a scroll of amnesia {unknown}
 w - a scroll of magic mapping {unknown}
 y - 2 scrolls of identify {unknown}
Potions
 d - 3 potions of lignification {unknown}
 h - a potion of resistance {unknown}
 k - 2 potions of agility {unknown}
 m - a potion of cancellation {unknown}
 n - 3 potions of curing {unknown}
 p - 2 potions of heal wounds {unknown}
 r - 3 potions of flight {unknown}
 t - a potion of might {unknown}
 A - a potion of invisibility {unknown}
Books
 b - a book of Flames

   Spells                             Type                      Level
   a - Flame Tongue                   Conjuration/Fire             1
   b - Throw Flame                    Conjuration/Fire             2
   c - Conjure Flame                  Conjuration/Fire             3
   d - Inner Flame                    Hexes/Fire                   3
   e - Sticky Flame                   Conjuration/Fire             4
   f - Fireball                       Conjuration/Fire             5
 f - a book of Cantrips

   Spells                             Type                      Level
   a - Confusing Touch                Hexes                        1
   b - Animate Skeleton               Necromancy                   1
   c - Summon Small Mammal            Summoning                    1
   d - Apportation                    Translocation                1
Comestibles
 c - 2 bread rations
 x - a meat ration


   Skills:
 + Level 0.6 Fighting
 + Level 3.2 Dodging
 + Level 4.0 Stealth
 + Level 7.0 Spellcasting
 + Level 4.8 Conjurations
 + Level 6.5 Fire Magic


You had 9 spell levels left.
You knew the following spells:

 Your Spells              Type           Power        Failure   Level  Hunger
a - Flame Tongue          Conj/Fire      ####.        1%          1    None
b - Throw Flame           Conj/Fire      ####..       1%          2    None
c - Conjure Flame         Conj/Fire      ####....     2%          3    None
d - Fireball              Conj/Fire      ####......   22%         5    #####..


Dungeon Overview and Level Annotations

Branches:
Dungeon (5/15)
 Temple: D:4-7

Altars:
Fedhas
Sif Muna


Message History

* * * LOW HITPOINT WARNING * * *
You hit the crimson imp.
The crimson imp is moderately wounded.
The crimson imp hits you.
* * * LOW HITPOINT WARNING * * *
You barely miss the crimson imp.
The crimson imp is lightly wounded.
The crimson imp completely misses you.
You hit the crimson imp but do no damage.
The crimson imp is lightly wounded.
The crimson imp hits you.
* * * LOW HITPOINT WARNING * * *
You barely miss the crimson imp.
The crimson imp hits you but does no damage.
You hit the crimson imp.
The crimson imp is lightly wounded.
The crimson imp hits you.
* * * LOW HITPOINT WARNING * * *
You closely miss the crimson imp. The crimson imp hits you.
You die...

.# #).# .#
#..## .#
##..# .#
####..######
######### .#
#.<........#
#......<# .#
#..........#
#.####### .#
#..........#
#.# .#
#..).5.....#
#.# .#
#.....@....#
#.# .#
#....[.....#
#.# .#
#..........#
#.# ##
#..........#
#.#
#..........#
#.#
######.#####
#.# #.# #.#
#.# #.####
#.# #....#


You could see a crimson imp.

Vanquished Creatures
  A phantom (D:3)
  An ogre (D:4)
  A centaur (D:4)
  The ghost of p0werm0de the Skirmisher, an amateur GrCK of Xom (D:3)
  2 big kobolds (D:3)
  A hound (D:4)
  2 orc wizards (D:4)
  An iguana (D:3)
  2 worker ants (D:4)
  6 adders
  7 gnolls (D:3)
  2 oozes
  A worm (D:2)
  5 dart slugs
  3 leopard geckos
  6 orcs (D:4)
  6 giant cockroaches
  35 goblins
  36 hobgoblins
  3 jackals (D:3)
  10 kobolds
  A quokka (D:2)
  7 bats
  4 frilled lizards
  11 rats
155 creatures vanquished.

Notes
Turn   | Place    | Note
-------+----------+-------------------------------------------
     0 | D:1      | nikopol the Deep Elf Fire Elementalist began the quest for the Orb.
     0 | D:1      | Reached XP level 1. HP: 10/10 MP: 6/6
    95 | D:1      | Reached XP level 2. HP: 14/15 MP: 4/8
    99 | D:1      | Learned a level 2 spell: Throw Flame
   654 | D:2      | Reached XP level 3. HP: 19/19 MP: 5/10
   900 | D:2      | Reached skill level 4 in Spellcasting
  1029 | D:2      | Reached XP level 4. HP: 24/24 MP: 3/12
  1453 | D:3      | Noticed p0werm0de's ghost (amateur GrCK)
  1903 | D:3      | Noticed a phantom
  1917 | D:3      | Killed a phantom
  1917 | D:3      | Reached skill level 5 in Spellcasting
  1917 | D:3      | Reached XP level 5. HP: 2/28 MP: 2/14
  1918 | D:3      | HP: 1/28 [bat (1)]
  2305 | D:3      | Learned a level 5 spell: Fireball
  2409 | D:3      | Learned a level 3 spell: Conjure Flame
  2567 | D:3      | Reached skill level 5 in Fire Magic
  2859 | D:3      | Reached XP level 6. HP: 32/32 MP: 5/15
  2916 | D:3      | Found a deep blue altar of Sif Muna.
  3192 | D:3      | Killed p0werm0de's ghost
  3264 | D:3      | Became a worshipper of Sif Muna the Loreminder
  3514 | D:3      | Reached XP level 7. HP: 34/36 MP: 13/17
  3782 | D:3      | Reached * piety under Sif Muna
  3937 | D:3      | Reached skill level 6 in Spellcasting
  5046 | D:4      | Found a blossoming altar of Fedhas.
  5248 | D:4      | Reached skill level 7 in Spellcasting
  5416 | D:5      | Entered Level 5 of the Dungeon
  5458 | D:4      | Slain by a crimson imp

Vault maps used:
D:1:      shiori_arrival_maze
D:3:      minmay_goblin_kobold_castle, led_sif_pool
D:4:      fedhas_bush_and_centaur_altar
D:5:      first_bread

Skill      XL: |  1  2  3  4  5  6  7 |
---------------+----------------------+-----
Fire Magic     | 4 5 6 |  6.5
Spellcasting   | 4 5 7 |  7.0
Conjurations   | 2 3 4 |  4.8
Dodging        | 3 |  3.2
Stealth        | 3 4 |  4.0
Fighting       | |  0.6

Action                   |  1- 3 |  4- 6 |  7- 9 || total
-------------------------+-------+-------+-------++-------
Melee: Dagger            |     4 |       |       ||     4
       Short sword       |     4 |     5 |    38 ||    47
 Cast: Flame Tongue      |    72 |   147 |    96 ||   315
       Conjure Flame     |       |     3 |     1 ||     4
       Throw Flame       |       |     1 |       ||     1
       Fireball          |       |       |     2 ||     2
 Stab: Sleeping          |       |       |     1 ||     1
  Eat: Chunk             |       |     8 |     3 ||    11
       Fruit             |       |       |     2 ||     2
Armor: Robe              |     5 |     6 |     8 ||    19
Dodge: Dodged            |    27 |    42 |    30 ||    99

Table legend:
 A = Spawn XP
 B = Non-spawn XP
 C = Spawn XP percentage of total XP
 D = Spawn monster count
 E = Non-spawn monster count
 F = Spawn count percentage of total count
 G = Total turns spent on level
                    A         B        C        D         E        F      G
               +---------+---------+-------+---------+---------+-------+---------
         Total |       0 |    1329 |   0.0 |       0 |     155 |   0.0 |  5458
               +---------+---------+-------+---------+---------+-------+---------
           D:1 |       0 |      40 |   0.0 |       0 |      22 |   0.0 |   647
           D:2 |       0 |      67 |   0.0 |       0 |      22 |   0.0 |   723
           D:3 |       0 |     731 |   0.0 |       0 |      89 |   0.0 |  2747
           D:4 |       0 |     491 |   0.0 |       0 |      22 |   0.0 |  1324
               +---------+---------+-------+---------+---------+-------+---------
